 Dungeon Crawl Stone Soup version 0.29.1-15-g9cfb28693d (webtiles) character file.

Game seed: 12503361793352271107

9298 Edyrem the Cleaver (level 11, -14/108 HPs)
             Began as a Minotaur Berserker on May 1, 2023.
             Was a High Priest of Trog.
             Demolished by a boulder beetle (48 damage)
             ... on level 9 of the Dungeon.
             The game lasted 00:17:39 (8783 turns).

Edyrem the Cleaver (Minotaur Berserker)             Turns: 8783, Time: 00:17:40

Health: -14/108    AC: 17    Str: 32    XL:     11   Next: 21%
Magic:  10/10      EV:  8    Int:  9    God:    Trog [*****.]
Gold:   352        SH:  0    Dex: 10    Spells: 10/10 levels left

rFire   . . .      SeeInvis .   a - +9 war axe of the World {elec, rN+}
rCold   x . .      Faith    .   (no shield)
rNeg    + . .      Spirit   .   x - +0 plate armour
rPois   .          Reflect  .   M - +2 hat {Stlth+}
rElec   .          Harm     .   u - +0 cloak
rCorr   .          Rampage  .   (no gloves)
Will    +....                   (no boots)
Stlth   ..........              (no amulet)
HPRegen 0.28/turn               F - +6 ring of strength
MPRegen 0.12/turn               E - ring "Xunt" {Fly rC- Will+ Int+5 Slay+5}

@: flying
A: horns 2, retaliatory headbutt
a: Renounce Religion, Berserk, Trog's Hand, Brothers in Arms


You were on level 9 of the Dungeon.
You worshipped Trog.
Trog was extremely pleased with you.
You visited 1 branch of the dungeon, and saw 9 of its levels.
You also visited: Bailey.

You collected 556 gold pieces.
You spent 204 gold pieces at shops.

Inventory:

Hand Weapons
 a - the +9 war axe of the World (weapon) {elec, rN+}
   (You bought it in a shop on level 4 of the Dungeon)

   It occasionally discharges a powerful burst of electricity upon striking a
   foe.
   rN:        It protects you from negative energy.
 b - a +0 morningstar
 C - a +0 hand axe
 G - a +0 broad axe
 I - a +0 broad axe
Missiles
 c - 36 poisoned darts (quivered)
 p - 4 boomerangs
 r - 6 datura-tipped darts
 s - 2 curare-tipped darts
 y - 4 atropa-tipped darts
Armour
 u - a +0 cloak (worn)
 x - a +0 plate armour (worn)
 J - the +1 robe "Ysiall" {rElec Will+ rCorr Stlth+}
   (You found it on level 7 of the Dungeon)

   rElec:     It insulates you from electricity.
   rCorr:     It protects you from acid and corrosion.
   Will:      It increases your willpower.
   Stlth:     It makes you more stealthy.
 M - a +2 hat of stealth (worn)
Jewellery
 k - a ring of poison resistance
 B - a ring of protection from fire
 E - the ring "Xunt" (right hand) {Fly rC- Will+ Int+5 Slay+5}
   (You found it on level 6 of the Dungeon)

   [ring of flight]

   Int:       It affects your intelligence (+5).
   Slay:      It affects your accuracy & damage with ranged weapons and melee
   (+5).
   rC:        It makes you vulnerable to cold.
   Fly:       It grants you flight.
   Will:      It increases your willpower.
 F - a +6 ring of strength (left hand)
Scrolls
 g - 2 scrolls of noise {unknown}
 j - 10 scrolls of identify {unknown}
 l - 4 scrolls of blinking {unknown}
 n - 3 scrolls of teleportation {unknown}
 o - a scroll of silence {unknown}
 q - 3 scrolls of vulnerability {unknown}
 t - a scroll of magic mapping {unknown}
 v - 4 scrolls of immolation {unknown}
 w - a scroll of enchant weapon {unknown}
 z - a scroll of brand weapon {unknown}
 A - 3 scrolls of amnesia {unknown}
 D - 3 scrolls of fear {unknown}
Potions
 d - 5 potions of curing {unknown}
 e - 6 potions of heal wounds {unknown}
 f - a potion of might {unknown}
 h - 5 potions of attraction {unknown}
 i - 3 potions of brilliance {unknown}
 m - a potion of resistance {unknown}
 H - 4 potions of magic {unknown}
 K - 3 potions of lignification {unknown}
 L - a potion of ambrosia {unknown}


   Skills:
 * Level 13.9 Fighting
 * Level 13.9 Axes
 + Level 8.9 Armour
 - Level 2.1 Dodging


You had 10 spell levels left.
You didn't know any spells.
Your spell library was empty.

Dungeon Overview and Level Annotations

Branches:
Dungeon (9/15)             Temple (0/1) D:7          Bailey (visited)
   Lair: D:8-11         Orc: D:9-12

Altars:
Dithmenos
Gozag
Kikubaaqudgha
Makhleb
Qazlal
Ru
Xom

Shops:
D:4 [(((*   D:6 (


Innate Abilities, Weirdness & Mutations

You have a pair of horns on your head.
You reflexively headbutt those who attack you in melee.


Message History

The deep elf pyromancer is almost dead.
You feel sick.
The deep elf pyromancer gestures at you while chanting.
The sticky flame hits you!
You are covered in liquid flames!
The deep elf pyromancer barely misses you.
You barely miss the deep elf pyromancer.
You headbutt the deep elf pyromancer.
You kill the deep elf pyromancer!
Trog accepts your kill.
Trog appreciates your killing of a magic user.
You are covered in liquid flames!
You feel sick.
You are covered in liquid flames!
You are no longer on fire.
You feel sick.
Things that are here:
a +1 dagger of venom; a +0 leather armour; an elf corpse You feel sick.
Things that are here:
a +0 shortbow; a centaur corpse You feel sick.
You are no longer poisoned.
You feel yourself speed up.
A wizard comes into view. It is wielding a +0 short sword.
You slice the wizard!!
The wizard is severely wounded.
The wizard hits you with a +0 short sword.
* * * LOW HITPOINT WARNING * * *
You slice the wizard!!
You kill the wizard!
Trog accepts your kill.
Trog will now gift you melee weapons as you gain piety.
Trog appreciates your killing of a magic user.
You start resting.
A boulder beetle comes into view.
The boulder beetle curls into a ball and begins rolling!
The boulder beetle attacks as you move away!
The boulder beetle hits you!!!
You die...

#.##..)#######...# .#
#.####..)....#### ...
#####.....)..†......
.#.##...................
.............#....##....
..#......°..##.##.##.#..
#.....)°..###.##.##...#
..#....B))## #...)...###
(##....@..# ####.####
..........# .#.
###....<..# # #
#....>..# #########


You could see a boulder beetle (rolling).

Vanquished Creatures
  Gastronok (D:8)
  2 vault guards (Bailey)
  A wizard (D:9)
  A deep elf pyromancer (D:9)
  A komodo dragon (D:5)
  Prince Ribbit (D:7)
  Grinder (D:6)
  A blink frog (Bailey)
  3 humans (Bailey)
  A wraith (D:9)
  3 wyverns
  Grum (D:8)
  A water moccasin (D:7)
  Duvessa (D:7)
  An orc warrior (D:8)
  A sky beast (D:8)
  A black bear (D:6)
  4 ogres
  4 wolves (D:8)
  2 centaurs
  2 phantoms (D:6)
  4 kobold brigands (D:3)
  18 bullfrogs
  3 scorpions
  A necrophage (D:6)
  4 wights (D:9)
  Dowan (D:7)
  A howler monkey (D:9)
  4 hounds
  3 orc priests
  4 iguanas
  2 orc wizards
  5 adders
  18 gnolls
  A shadow imp (D:6)
  A white imp (D:8)
  3 worms
  2 dart slugs (D:2)
  27 orcs
  5 ball pythons
  5 bats
  4 endoplasms
  3 giant cockroaches (D:2)
  14 goblins
  9 hobgoblins
  11 jackals
  43 kobolds
  2 quokkas
  3 frilled lizards
  5 rats
240 creatures vanquished.

Vanquished Creatures (others)
  3 fungi (D:3)
3 creatures vanquished.

Grand Total: 243 creatures vanquished

Notes
Turn   | Place    | Note
-------+----------+-------------------------------------------
     0 | D:1      | Edyrem the Minotaur Berserker began the quest for the Orb.
     0 | D:1      | Reached XP level 1. HP: 19/19 MP: 0/0
   125 | D:1      | Found a faded altar of an unknown god.
   227 | D:1      | Reached XP level 2. HP: 26/27 MP: 1/1
   529 | D:2      | Reached XP level 3. HP: 25/34 MP: 2/2
   805 | D:2      | Reached ** piety under Trog
  1590 | D:2      | Reached XP level 4. HP: 41/41 MP: 3/3
  1638 | D:2      | Reached skill level 5 in Fighting
  1638 | D:2      | Reached skill level 5 in Axes
  2183 | D:3      | Noticed a kobold brigand
  2191 | D:3      | Killed a kobold brigand
  2192 | D:3      | Reached XP level 5. HP: 50/50 MP: 4/4
  2374 | D:3      | Reached *** piety under Trog
  2407 | D:3      | Reached XP level 6. HP: 7/58 MP: 5/5
  2937 | D:3      | Reached XP level 7. HP: 47/66 MP: 6/6
  3701 | D:4      | Reached **** piety under Trog
  3702 | D:4      | Found Kucsicsok's Weapon Shoppe.
  3819 | D:4      | Found Joefao's Antique Weapon Shoppe.
  3899 | D:4      | Found Meubbich's Armour Emporium.
  4193 | D:4      | Found Xiskarphu's Weapon Shoppe.
  4204 | D:4      | Found Coryguh's Assorted Antiques.
  4446 | D:5      | Entered Level 5 of the Dungeon
  4951 | D:5      | Noticed a komodo dragon
  4964 | D:5      | Reached XP level 8. HP: 30/75 MP: 7/7
  4967 | D:5      | Killed a komodo dragon
  4970 | D:5      | HP: 4/115 [gnoll/+0 spear (4)]
  5347 | D:4      | Bought a pitted war axe for 204 gold pieces
  5347 | D:4      | Identified the +9 war axe of the World {elec, rN+} (You
                  | bought it in a shop on level 4 of the Dungeon)
  5599 | D:6      | Found Koaghyq's Weapon Shoppe.
  5871 | D:6      | Noticed Grinder
  5877 | D:6      | Reached skill level 5 in Armour
  5879 | D:6      | Killed Grinder
  5880 | D:6      | Reached skill level 10 in Fighting
  5882 | D:6      | Reached skill level 10 in Axes
  5887 | D:6      | Reached XP level 9. HP: 79/85 MP: 8/8
  5963 | D:6      | Identified the ring "Xunt" {Fly rC- Will+ Int+5 Slay+5}
  6092 | D:6      | Found a burning altar of Makhleb.
  6093 | D:6      | Found a shimmering altar of Xom.
  6160 | D:6      | Found a shadowy altar of Dithmenos.
  6162 | D:6      | Found an ancient bone altar of Kikubaaqudgha.
  6163 | D:6      | Found a sacrificial altar of Ru.
  6312 | D:7      | Found a flagged portal.
  6317 | Bailey   | Entered a bailey
  6598 | Bailey   | Noticed a vault guard
  6604 | Bailey   | Killed a vault guard
  6605 | Bailey   | Reached XP level 10. HP: 97/97 MP: 9/9
  6646 | Bailey   | Noticed a vault guard
  6655 | Bailey   | Killed a vault guard
  6880 | D:7      | Noticed Prince Ribbit
  6884 | D:7      | Killed Prince Ribbit
  6957 | D:7      | Identified the +1 robe "Ysiall" {rElec Will+ rCorr Stlth+}
  7117 | D:7      | Found an opulent altar of Gozag.
  7178 | D:7      | Noticed Dowan
  7181 | D:7      | Noticed Duvessa
  7188 | D:7      | Killed Duvessa
  7188 | D:7      | Killed Dowan
  7539 | D:7      | Found a staircase to the Ecumenical Temple.
  7585 | D:7      | Found a stormy altar of Qazlal.
  7614 | D:8      | Noticed Grum
  7631 | D:8      | Killed Grum
  7995 | D:8      | Noticed Gastronok
  8009 | D:8      | Killed Gastronok
  8670 | D:9      | Reached XP level 11. HP: 90/107 MP: 10/10
  8755 | D:9      | Noticed a deep elf pyromancer
  8765 | D:9      | Killed a deep elf pyromancer
  8769 | D:9      | Noticed a wizard
  8773 | D:9      | Killed a wizard
  8773 | D:9      | Reached ***** piety under Trog
  8775 | D:9      | Noticed a boulder beetle
  8783 | D:9      | Demolished by a boulder beetle

Illustrated notes

Levels and vault maps discovered:
D:1:      matt_arrival_refuge, layout_basic, shapermc_ecumenical_altar_petra
D:2:      layout_basic
D:3:      minmay_goblin_kobold_castle, layout_basic,
          dreamdust_mushroom_princess, minmay_fractal_squares_gapless_5
D:4:      layout_cave_pods, serial_shops, nicolae_take_the_stairs,
          nicolae_shop_overgrown_old_shop, shop, shop, nicolae_square_shop
D:5:      layout_cave_pools
D:6:      layout_loops_ring, minitemple, serial_shops, shop, uniq_grinder
D:7:      layout_loops_cross, nicolae_gozag_cash_rules_everything_around_me,
          overflow_temple_1_default, temple_statues, enter_bailey_1,
          chequers_serial_rivers_large_a, uniq_prince_ribbit1, uniq_duvessa
D:8:      layout_basic, uniq_gastronok, uniq_grum
D:9:      minmay_ornate_pinched, layout_loops_cross, nicolae_diode_basic

Skill      XL: |  1  2  3  4  5  6  7  8  9 10 |
---------------+-------------------------------+-----
Fighting       | 4 5 6 7 8 10 11 13 | 13.9
Axes           | 4 5 6 7 8 10 11 13 | 13.9
Armour         | 3 5 7 8 |  8.9
Dodging        | |  2.1

Action                   |  1- 3 |  4- 6 |  7- 9 | 10-12 || total
-------------------------+-------+-------+-------+-------++-------
Melee: Hand axe          |    88 |   118 |   114 |       ||   320
       Headbutt          |     8 |    14 |    23 |    16 ||    61
       War axe           |       |       |    67 |    86 ||   153
       Punch             |       |       |       |     1 ||     1
Invok: Berserk           |       |     3 |     3 |     2 ||     8
Armor: Animal skin       |     3 |       |       |       ||     3
       Ring mail         |    26 |     5 |       |       ||    31
       Chain mail        |       |    46 |    10 |       ||    56
       Plate armour      |       |       |    88 |    33 ||   121
Dodge: Dodged            |    51 |    61 |    71 |    36 ||   219
